AoeStats
← OGSassy

Arena

508375431Analyzed
2v2 RM · 12d ago on Sep 22, 2026· 40m 39s· 4 players
Game mode
Random Map
Map size
Medium (4 player)
Population
200
Speed
Normal
Resources
Standard
Victory
Conquest
Starting age
Dark Age
Ending age
Imperial Age
RankedLock teamsTeams togetherTeam positionsShared explorationLock speedFull tech treeHidden civsTurbo modeCheats
Victory
Defeat
🇳🇱 Gurjaras · Netherlands
914
+13
🇨🇳 Poles · China
897
+13
🇺🇸 Turks · United States
867
-14
🇨🇦 Malay · Canada
818
-12
FluxLithium
12:09 Feudal Age
14:00 Double-Bit Axe
16:35 Castle Age
14:40 Horse Collar
21:25 Imperial Age
20:31 Bow Saw
20:49 Loom
22:34 Padded Archer Armor
22:32 Gold Mining
30:44 Leather Archer Armor
36:44 Heavy Plow
OGSassy
4:55 Loom
10:48 Feudal Age
10:42 Double-Bit Axe
18:48 Castle Age
19:07 Man-at-Arms
26:33 Horse Collar
32:28 Imperial Age
30:02 Pikeman
31:26 Gold Mining
33:30 Wheelbarrow
33:35 Capped Ram
35:11 Forging
37:57 Murder Holes
38:57 Halberdier
40:20 Iron Casting
stephenskocpol
10:22 Feudal Age
10:56 Double-Bit Axe
10:53 Horse Collar
14:19 Gold Mining
18:55 Castle Age
16:51 Fletching
17:01 Padded Archer Armor
17:15 Stone Mining
17:46 Loom
20:00 Bodkin Arrow
20:57 Bow Saw
20:49 Heavy Plow
23:07 Leather Archer Armor
23:45 Thumb Ring
24:09 Crossbowman
24:15 Crossbowman
26:10 Elite Skirmisher
32:19 Imperial Age
30:51 Stone Shaft Mining
30:52 Gold Shaft Mining
31:29 Wheelbarrow
31:09 Forging
30:59 Scale Mail Armor
33:05 Redemption
37:19 Bracer
39:25 Hand Cart
打不过
3:16 Loom
11:32 Feudal Age
16:23 Castle Age
14:52 Double-Bit Axe
16:04 Horse Collar
16:22 Stone Mining
20:11 Bow Saw
24:23 Heavy Plow
26:42 Heavy Plow
30:01 Imperial Age
28:55 Forging
29:29 Wheelbarrow
28:39 Town Watch
28:55 Gold Mining
29:42 Stone Shaft Mining
30:13 Iron Casting
29:45 Scale Barding Armor
30:41 Fletching
31:42 Hand Cart
32:52 Conscription
32:59 Masonry
33:07 Szlachta Privileges
33:16 Bloodlines
33:06 Husbandry
33:03 Cavalier
33:16 Light Cavalry
34:57 Blast Furnace
38:09 Murder Holes
37:55 Treadmill Crane
38:45 Chain Barding Armor
39:12 Winged Hussar
Connection lost

Rejoining the realm…

Still unreachable

The connection could not be restored.

Session expired

The server has moved on; the page needs a fresh start.